 Dungeon Crawl Stone Soup version 0.31-a0-1300-gb6740aa4e6 (webtiles) character file.

Game seed: 1464396694658932636

213702 Sobieck the Sorcerer (level 18, -5/96 HPs)
             Began as a Deep Elf Conjurer on Dec 17, 2023.
             Was a High Priest of Vehumet.
             Slain by a ghoul (24 damage)
             ... on level 4 of the Swamp on Dec 18, 2023.
             The game lasted 02:03:20 (44290 turns).

Sobieck the Sorcerer (Deep Elf Conjurer)           Turns: 44290, Time: 02:03:20

Health: -5/96      AC: 12    Str:  4    XL:     18   Next: 28%
Magic:  40/55      EV: 16    Int: 36    God:    Vehumet [*****.]
Gold:   2329       SH:  5    Dex: 13    Spells: 17/61 levels left

rFire   . . .        B - staff of cold
rCold   + . .        (no shield)
rNeg    . . .        O - +2 robe {Will+}
rPois   .            P - +2 hat
rElec   .            h - +2 cloak
rCorr   .            (no gloves)
SInv    .            n - +2 pair of boots
Will    ++...        L - amulet of reflection
Stlth   +++          C - +6 ring of intelligence
HPRegen 0.36/turn    k - ring of magical power
MPRegen 0.34/turn

%: reflection
@: lethally poisoned (-5 -> -44)
A: dopey 1
}: 1/15 runes: serpentine
a: Renounce Religion


You were on level 4 of the Swamp.
You worshipped Vehumet.
Vehumet was extremely pleased with you.
You visited 6 branches of the dungeon, and saw 31 of its levels.
You also visited: Bailey.

You collected 3915 gold pieces.
You spent 1586 gold pieces at shops.

Inventory:

Missiles
 Z - 3 throwing nets
Armour
 h - a +2 cloak (worn)
 n - a +2 pair of boots (worn)
 y - a +0 buckler
 O - a +2 robe of willpower (worn)
 P - a +2 hat (worn)
Magical Staves
 q - a staff of air
 A - a staff of conjuration
 B - a staff of cold (weapon)
 N - a staff of earth
Jewellery
 a - a ring of fire
 c - a ring of protection from cold
 k - a ring of magical power (right hand)
 l - a ring of wizardry
 m - a ring of willpower
 z - a ring of flight
 C - a +6 ring of intelligence (left hand)
 L - an amulet of reflection (around neck)
Wands
 i - a wand of quicksilver (19)
 o - a wand of mindburst (11)
 D - a wand of digging (22)
 V - a wand of flame (42)
 X - a wand of roots (60)
Scrolls
 b - 3 scrolls of blinking
 g - 3 scrolls of poison
 r - 7 scrolls of immolation
 t - 3 scrolls of fear
 u - 3 scrolls of fog
 w - a scroll of silence {!r}
 E - 2 scrolls of vulnerability
 F - a scroll of enchant armour
 I - a scroll of butterflies
 J - 3 scrolls of amnesia
 R - 9 scrolls of identify
 T - 9 scrolls of teleportation
 U - 2 scrolls of revelation
Potions
 d - 8 potions of heal wounds
 e - 6 potions of brilliance
 f - 2 potions of enlightenment
 j - 5 potions of invisibility
 p - a potion of magic
 s - 4 potions of might
 v - a potion of cancellation
 x - 8 potions of lignification
 G - 3 potions of resistance
 H - 4 potions of haste
 M - 3 potions of mutation
 Q - 10 potions of curing
 S - a potion of berserk rage
 W - 3 potions of attraction
Miscellaneous
 K - a phantom mirror
 Y - a tin of tremorstones (2/2)


   Skills:
 - Level 5.0 Fighting
 - Level 10.0 Dodging
 - Level 5.0 Stealth
 - Level 22.0 Spellcasting
 - Level 17.0 Conjurations
 - Level 9.0 Hexes
 - Level 4.0 Translocations
 - Level 16.0 Fire Magic
 - Level 12.0 Ice Magic
 + Level 12.5 Air Magic


You had 17 spell levels left.
You knew the following spells:

 Your Spells              Type           Power      Damage    Failure   Level
a - Magic Dart            Conj           100%       1d8       0%          1
b - Searing Ray           Conj           100%       2d8       0%          2
c - Plasma Beam           Fire/Air       48%        2x1d63    1%          6
d - Iskenderun's Mystic   Conj/Tloc      86%        2d17      1%          4
e - Irradiate             Conj/Tmut      39%        3d24      1%          5
f - Ignition              Fire           50%        3d14      1%          8
A - Fulminant Prism       Conj/Hex       46%        3d20      1%          4
B - Orb of Destruction    Conj           52%        9d13      1%          7
E - Ozocubu's Refrigerat  Ice            56%        4d19      1%          7

Your spell library contained the following spells:

 Spells                   Type           Power      Damage    Failure   Level
 Chain Lightning          Conj/Air       49%        3d65      36%         9
 Polar Vortex             Ice            56%        12d7*     73%         9
 Shatter                  Erth           19%        3d18*     100%        9
 Kiss of Death            Conj/Necr      100%       2d13      0%          1
 Slow                     Hex            100%       N/A       0%          1
 Ensorcelled Hibernation  Hex/Ice        100%       N/A       0%          2
 Dazzling Flash           Conj/Hex       100%       N/A       0%          3
 Frozen Ramparts          Ice            100%       1d16      0%          3
 Inner Flame              Hex/Fire       92%        N/A       0%          3
 Ozocubu's Armour         Ice            100%       N/A       0%          3
 Flame Wave               Conj/Fire      100%       2d21      0%          4
 Sticky Flame             Conj/Fire      100%       2d11      0%          4
 Necrotise                Necr           100%       1d9       1%          1
 Sandblast                Erth           78%        2d17      1%          1
 Sting                    Tmut/Pois      100%       1d8       1%          1
 Summon Small Mammal      Summ           100%       N/A       1%          1
 Blink                    Tloc           100%       N/A       1%          2
 Cigotuvi's Dreadful Rot  Necr/Pois/Air  100%       N/A       1%          2
 Jinxbite                 Hex            100%       N/A       1%          2
 Passwall                 Tmut/Erth      32%        N/A       1%          2
 Poisonous Vapours        Pois/Air       100%       N/A       1%          2
 Call Canine Familiar     Summ           39%        N/A       1%          3
 Confusing Touch          Hex            81%        N/A       1%          3
 Ignite Poison            Fire/Tmut/Pois 67%        N/A       1%          3
 Sigil of Binding         Hex            81%        N/A       1%          3
 Stone Arrow              Conj/Erth      100%       3d13      1%          3
 Summon Guardian Golem    Hex/Summ       64%        N/A       1%          3
 Vampiric Draining        Necr           39%        2d8       1%          3
 Volatile Blastmotes      Fire/Tloc      100%       2d18      1%          3
 Anguish                  Hex/Necr       32%        N/A       1%          4
 Brom's Barrelling Bould  Conj/Erth      79%        2d9       1%          4
 Manifold Assault         Tloc           62%        N/A       1%          4
 Olgreb's Toxic Radiance  Pois           39%        N/A       1%          4
 Summon Lightning Spire   Summ/Air       71%        N/A       1%          4
 Vhi's Electric Charge    Tloc/Air       100%       N/A       1%          4
 Arcjolt                  Conj/Air       49%        1d59      1%          5
 Freezing Cloud           Conj/Ice/Air   59%        6-21      1%          5
 Metabolic Englaciation   Hex/Ice        53%        N/A       1%          5
 Silence                  Hex/Air        43%        N/A       1%          5
 Starburst                Conj/Fire      51%        6d14      1%          6
 Lee's Rapid Deconstruct  Erth           19%        3d11*     5%          5
 Animate Armour           Summ/Erth      78%        N/A       7%          4
 Dispel Undead            Necr           39%        3d16      7%          4
 Leda's Liquefaction      Tmut/Erth      19%        N/A       7%          4
 Petrify                  Tmut/Erth      39%        N/A       7%          4
 Maxwell's Capacitive Co  Air            46%        ∞         7%          8
 Agony                    Necr           39%        N/A       19%         5
 Dispersal                Tloc           31%        N/A       21%         6
 Haunt                    Necr/Summ      19%        N/A       99%         7
 Borgnjor's Revivificati  Necr           19%        N/A       100%        8
 Disjunction              Tloc           31%        N/A       100%        8
 Death's Door             Necr           19%        N/A       100%        9


Dungeon Overview and Level Annotations

Branches:
Dungeon (15/15)            Temple (1/1) D:5            Lair (5/5) D:9
  Swamp (4/4) Lair:2        Snake (4/4) Lair:2        Slime (0/5) Lair:5
    Orc (2/2) D:9             Elf (0/3) Orc:2        Vaults (0/5) D:14
 Depths (0/4) D:15         Bailey (visited)

Altars:
Ashenzari
Cheibriados
Dithmenos
Elyvilon
Fedhas
Gozag
Hepliaklqana
Kikubaaqudgha
Makhleb
Nemelex Xobeh
Okawaru
Qazlal
Ru
Sif Muna
Trog
Uskayaw
Vehumet
Wu Jian
Xom
Yredelemnul
Zin
The Shining One

Shops:
D:3 *   D:8 :*   Orc:1 *   Orc:2 :=((   Snake:1 (   Snake:3 !

Annotations:
Lair:4 1 runed translucent door, Osyvawk's ghost, journeyman DrMo
Swamp:2 2 transporters, exclusion: orange crystal statue
Orc:2 3 runed translucent doors, Fodor's ghost, journeyman MiFi


Innate Abilities, Weirdness & Mutations

You are dopey. (Int -2)


Message History

The air bursts into flame!
The fireball engulfs the swamp dragon!
You kill the swamp dragon!
Vehumet accepts your kill.
You feel your power returning.
The swamp dragon scales are intact enough to wear.
The fireball engulfs the swamp dragon!!
You kill the swamp dragon!
Vehumet accepts your kill.
You feel your power returning.
The fireball engulfs the ghoul!!
The ghoul is heavily damaged.
The fireball engulfs the necrophage!!
You destroy the necrophage!
Vehumet accepts your kill.
You feel your power returning.
The fireball engulfs the ghoul!
The ghoul is heavily damaged.
The fireball engulfs the eleionoma!!!
You kill the eleionoma!
Vehumet accepts your kill.
You feel your power returning.
You hear a splash.
An eleionoma bone magically twists into a wand of quicksilver (10).
The fireball engulfs the ghoul!!
The ghoul is severely damaged.
The fireball engulfs the ghoul!!
The ghoul is severely damaged.
You are engulfed in poison gas.
You are more poisoned.
You feel extremely sick.
You hear a roar!
You hear a chilling moan.
A seven-headed hydra comes into view.
The ghoul claws you. The ghoul closely misses you.
You block the ghoul's attack. The ghoul claws you!
Casting: Ignition (dangerous; 1% risk of failure)
Confirm with . or Enter, or press ? or * to list all spells.
The air bursts into flame!
The fireball engulfs the ghoul!
The ghoul is severely damaged.
The fireball engulfs the ghoul!!
The ghoul is severely damaged.
The fireball engulfs the ghoul!!
The ghoul is almost destroyed.
The fireball engulfs the ghoul!
The ghoul is almost destroyed.
You are engulfed in poison gas.
You are lethally poisoned!
* * * LOW HITPOINT WARNING * * *
You feel extremely sick.
You hear a roar! x2
A bog body comes into view.
The ghoul claws you!!
You die...

##§~§§..♣~ '##
#~~§~§...
.~..#~§§§~.§♣
(.8.#§§§§$.~♣
.....§~~.~~~♣♣.
§....°.○.°.~..~
#D.°..nn○§~~~~~
.§§.[°.@°○..~~~
n~.[..♣○°..~.§§
8.(.. §.~~...~~
.~.. ~~.~~~.~~§
+## #~..§~~.~.~
##~.~~§~..~
#..~~~§.♣♣
#~.~~.~.♣


You could see 2 ghouls, a seven-headed hydra and a bog body.

Vanquished Creatures
  Rupert (Lair:4)
  Mlioglotl (Swamp:1)
  A thorn hunter (Swamp:3)
  A fenstrider witch (Swamp:3)
  3 nagarajas (Snake:4)
  A frost giant (D:15)
  An orc warlord (Bailey)
  9 eleionomae
  3 bunyips (Swamp:2)
  4 shambling mangroves
  3 salamander tyrants (Snake:4)
  18 hydras
  A vault guard (D:14)
  Harold (D:11)
  2 centaur warriors (D:13)
  A rakshasa (D:14)
  A death knight (D:15)
  2 ogre magi (D:15)
  A boulder beetle (D:15)
  2 catoblepae
  5 ghost crabs
  12 two-headed ogres
  6 anacondas
  8 alligators
  23 naga warriors
  A deep troll shaman (Lair:5)
  3 tengu warriors
  9 death yaks
  5 orc high priests (Orc:2)
  16 naga sharpshooters
  2 spriggans (Swamp:3)
  5 skeletal warriors (D:15)
  6 shock serpents
  Sonja (Lair:1)
  Nergalle (D:12)
  7 salamander mystics
  3 goliath frogs
  4 spriggan druids
  2 sea snakes (Snake:1)
  12 naga ritualists
  9 bog bodies
  10 swamp dragons
  3 lindwurms (Lair:3)
  8 orc knights
  Pikel (D:6)
  7 mana vipers
  An oklob plant (Lair:2)
  11 ugly things
  2 deep elf pyromancers
  2 orc sorcerers
  2 manticores (D:14)
  12 salamanders
  14 elephants
  3 will-o-the-wisps
  5 cyclopes
  35 black mambas
  Maurice (D:8)
  7 guardian serpents
  4 kobold blastminers
  20 naga magi
  A torpor snail (Lair:5)
  9 cane toads
  Maggie (D:10)
  8 komodo dragons
  2 tengu conjurers (D:14)
  A freezing wraith (D:15)
  5 rime drakes
  A spectral skyshark (Lair:2)
  A bloated husk (Swamp:4)
  8 trolls
  7 tyrant leeches
  A meliai (shapeshifter) (D:15)
  6 meliai (D:15)
  4 polar bears
  11 hornets
  14 blink frogs
  Grinder (D:3)
  A spectral black mamba (Lair:2)
  3 shadows
  24 slime creatures
  41 yaks
  3 wyverns
  A basilisk (shapeshifter) (D:8)
  A vampire (D:9)
  3 basilisks
  A redback (D:14)
  4 vampire mosquitoes
  3 steam dragons
  An acid dragon (D:14)
  45 nagas
  10 swamp worms
  12 water moccasins
  A spectral yak (Lair:2)
  Duvessa (D:7)
  5 swamp drakes (Swamp:4)
  35 orc warriors
  2 sky beasts
  An ice beast (D:6)
  2 black bears (D:5)
  14 wolves
  5 ogres
  4 centaurs
  A lemure (D:6)
  2 phantoms
  3 kobold brigands
  A spectral water moccasin (Lair:2)
  A gnoll sergeant (D:7)
  3 scorpions
  14 bullfrogs
  A necrophage (Swamp:4)
  3 wights (D:9)
  Dowan (D:7)
  5 killer bees (D:10)
  10 electric eels
  4 howler monkeys
  4 jellies
  4 lava snakes (Lair:4)
  A hound (D:7)
  35 orc priests
  2 iguanas (D:5)
  2 sleepcaps
  18 orc wizards
  2 hell rats (D:9)
  7 adders
  13 gnolls
  A river rat (D:9)
  2 shadow imps
  3 white imps
  4 ufetubi
  4 worms
  3 dart slugs
  80 orcs
  8 endoplasms
  7 giant cockroaches
  6 hobgoblins
  12 jackals
  10 quokkas
  7 ball pythons
  5 bats
  4 frilled lizards
  10 goblins
  32 kobolds
  6 rats
990 creatures vanquished.

Vanquished Creatures (others)
  A thorn hunter (Swamp:4)
  A spriggan druid (Swamp:1)
  4 foxfires
  321 fulminant prisms
327 creatures vanquished.

Grand Total: 1317 creatures vanquished

Notes
Turn   | Place    | Note
-------+----------+-------------------------------------------
     0 | D:1      | Sobieck the Deep Elf Conjurer began the quest for the Orb.
     0 | D:1      | Reached XP level 1. HP: 10/10 MP: 6/6
   249 | D:1      | Reached skill level 1 in Hexes
   284 | D:1      | Reached XP level 2. HP: 15/15 MP: 5/8
   292 | D:1      | Learned a level 2 spell: Searing Ray
   983 | D:1      | Reached XP level 3. HP: 19/19 MP: 6/10
  1325 | D:1      | Found a faded altar of an unknown god.
  1576 | D:2      | Reached skill level 4 in Spellcasting
  1969 | D:2      | Reached XP level 4. HP: 22/24 MP: 0/12
  2252 | D:2      | Found an opulent altar of Gozag.
  2833 | D:3      | Found Zinasupo's General Store.
  2926 | D:3      | Reached skill level 3 in Hexes
  3279 | D:3      | Reached XP level 5. HP: 25/28 MP: 8/14
  3548 | D:3      | Noticed Grinder
  3554 | D:3      | Killed Grinder
  3555 | D:3      | Reached skill level 5 in Spellcasting
  3555 | D:3      | Reached skill level 6 in Conjurations
  3555 | D:3      | Reached XP level 6. HP: 27/32 MP: 6/16
  3948 | D:4      | Reached skill level 6 in Spellcasting
  4184 | D:4      | Reached XP level 7. HP: 29/36 MP: 3/18
  4469 | D:4      | Found a hazy altar of Hepliaklqana.
  4860 | D:5      | Entered Level 5 of the Dungeon
  4891 | D:5      | Found a staircase to the Ecumenical Temple.
  4906 | Temple   | Entered the Ecumenical Temple
  4979 | Temple   | Became a worshipper of Vehumet
  5061 | D:5      | Reached skill level 7 in Spellcasting
  5061 | D:5      | Reached skill level 6 in Hexes
  5150 | D:5      | Learned a level 4 spell: Fulminant Prism
  5257 | D:5      | Identified a scroll of acquirement
  5257 | D:5      | Acquired a staff of conjuration
  5299 | D:5      | Found a glowing silver altar of Zin.
  5300 | D:5      | Noticed an angel
  5544 | D:5      | Reached XP level 8. HP: 41/41 MP: 21/21
  5702 | D:5      | Identified the +2 pair of boots of Trial and Error {-Tele
                  | Fly Str+3}
  5714 | D:5      | Reached skill level 8 in Spellcasting
  6104 | D:5      | Learned a level 4 spell: Iskenderun's Mystic Blast
  6114 | D:5      | Reached * piety under Vehumet
  6114 | D:5      | Offered knowledge of Kiss of Death by Vehumet.
  6504 | D:6      | Reached skill level 9 in Spellcasting
  6746 | D:6      | Reached XP level 9. HP: 45/45 MP: 24/24
  6808 | D:6      | Noticed Pikel
  6814 | D:6      | Killed Pikel
  6815 | D:6      | Reached skill level 10 in Spellcasting
  6815 | D:6      | Reached skill level 9 in Conjurations
  6815 | D:6      | Reached skill level 9 in Hexes
  7100 | D:7      | Found a flagged portal.
  7189 | D:7      | Reached skill level 11 in Spellcasting
  7189 | D:7      | Reached skill level 1 in Translocations
  7215 | Bailey   | Entered a bailey
  7226 | Bailey   | Reached ** piety under Vehumet
  7231 | Bailey   | Offered knowledge of Sandblast by Vehumet.
  7260 | Bailey   | Noticed an orc knight
  7268 | Bailey   | Killed an orc knight
  7269 | Bailey   | Reached skill level 3 in Stealth
  7421 | Bailey   | Identified the +2 spear of Qoer {heavy, rElec rN++ Will-
                  | Str+4}
  7426 | Bailey   | Reached skill level 1 in Fighting
  7426 | Bailey   | Reached skill level 3 in Dodging
  7433 | Bailey   | Noticed an orc knight
  7441 | Bailey   | Killed an orc knight
  7531 | Bailey   | Found a runed translucent gate.
  7533 | Bailey   | Found a runed translucent gate.
  7534 | Bailey   | Found a runed translucent gate.
  7541 | Bailey   | Noticed an orc warlord
  7613 | Bailey   | Reached XP level 10. HP: 45/53 MP: 27/27
  7619 | Bailey   | Killed an orc warlord
  7763 | D:7      | Noticed Dowan
  7766 | D:7      | Noticed Duvessa
  7782 | D:7      | Killed Duvessa
  7786 | D:7      | Killed Dowan
  7857 | D:7      | Offered knowledge of Momentum Strike by Vehumet.
  8342 | D:8      | Reached *** piety under Vehumet
  8411 | D:8      | Found Paremig's General Store.
  8417 | D:8      | Bought a scroll of identify for 24 gold pieces
  8417 | D:8      | Bought a scroll of identify for 24 gold pieces
  8537 | D:8      | Found a bloodstained altar of Trog.
  8569 | D:8      | Found an iron altar of Okawaru.
  8610 | D:8      | Found Qugabb's Book Shop.
  8614 | D:8      | Reached skill level 12 in Spellcasting
  8679 | D:8      | Found a hide-covered altar of Uskayaw.
  8704 | D:8      | Noticed Maurice
  8715 | D:8      | Killed Maurice
  8716 | D:8      | Reached skill level 3 in Fighting
  9091 | D:9      | Found a blossoming altar of Fedhas.
  9128 | D:9      | Offered knowledge of Ignite Poison by Vehumet.
  9217 | D:9      | Noticed a death yak
  9217 | D:9      | Noticed a death yak
  9217 | D:9      | Noticed a death yak
  9229 | D:9      | Killed a death yak
  9230 | D:9      | Reached skill level 6 in Dodging
  9383 | D:9      | Killed a death yak
  9396 | D:9      | Killed a death yak
  9397 | D:9      | Reached XP level 11. HP: 61/61 MP: 11/29
  9560 | D:9      | Found a staircase to the Lair.
  9564 | D:9      | Noticed a two-headed ogre
  9578 | D:9      | Killed a two-headed ogre
  9788 | D:9      | Reached **** piety under Vehumet
  9809 | D:9      | Reached skill level 13 in Spellcasting
  9914 | D:9      | Found a staircase to the Orcish Mines.
  9917 | D:9      | Offered knowledge of Airstrike by Vehumet.
 10383 | Lair:1   | Entered Level 1 of the Lair of Beasts
 10563 | D:8      | Bought a book of Lightning for 432 gold pieces
 10641 | Lair:1   | Noticed a catoblepas
 10957 | Lair:1   | Reached skill level 1 in Fire Magic
 10957 | Lair:1   | Reached skill level 1 in Air Magic
 10979 | Lair:1   | Killed a catoblepas
 11106 | Lair:1   | Reached skill level 3 in Fire Magic
 11261 | Lair:1   | Noticed Sonja
 11270 | Lair:1   | Killed Sonja
 11271 | Lair:1   | Reached skill level 3 in Air Magic
 11780 | Lair:2   | Noticed a ghost crab
 11793 | Lair:2   | Noticed a ghost crab
 11799 | Lair:2   | Killed a ghost crab
 11852 | Lair:2   | Killed a ghost crab
 11925 | Lair:2   | Found a staircase to the Swamp.
 11989 | Lair:2   | Noticed a seven-headed hydra
 12002 | Lair:2   | Killed a seven-headed hydra
 12003 | Lair:2   | Reached skill level 6 in Fire Magic
 12088 | Lair:2   | Upgraded the game from 0.31-a0-1278-g11c5b68f87 to
                  | 0.31-a0-1300-gb6740aa4e6
 12174 | Lair:2   | Reached XP level 12. HP: 67/67 MP: 31/31
 12256 | Lair:2   | Reached skill level 6 in Air Magic
 12788 | Lair:2   | Found a staircase to the Snake Pit.
 13222 | Lair:3   | Learned a level 6 spell: Plasma Beam
 13294 | Lair:3   | Noticed a six-headed hydra
 13372 | Lair:3   | Reached ***** piety under Vehumet
 13373 | Lair:3   | Reached skill level 9 in Fire Magic
 13540 | Lair:3   | Offered knowledge of Lee's Rapid Deconstruction by Vehumet.
 13717 | Lair:3   | Killed a six-headed hydra
 13840 | Lair:3   | Reached skill level 9 in Air Magic
 13939 | Lair:3   | Noticed a five-headed hydra
 13942 | Lair:3   | Killed a five-headed hydra
 14752 | Lair:4   | Reached XP level 13. HP: 72/72 MP: 26/32
 14876 | Lair:4   | Noticed Rupert
 14879 | Lair:4   | Paralysed by Rupert for 5 turns
 14885 | Lair:4   | Killed Rupert
 15318 | Lair:4   | Identified the +4 robe "Tuloru" {Rampage ^Drain Will+++
                  | Dex+4}
 15917 | Lair:4   | Found a runed translucent door.
 15917 | Lair:4   | Noticed Osyvawk's ghost (journeyman DrMo)
 16080 | Lair:5   | Entered Level 5 of the Lair of Beasts
 16688 | Lair:5   | Acquired 534 gold pieces
 16960 | D:8      | Bought a book of Spectacle for 576 gold pieces
 17311 | Lair:5   | Reached skill level 14 in Spellcasting
 17513 | Lair:5   | Reached skill level 9 in Dodging
 17646 | Lair:5   | Reached skill level 12 in Conjurations
 17709 | Lair:5   | Found a staircase to the Slime Pits.
 17799 | Lair:5   | Offered knowledge of Orb of Destruction by Vehumet.
 17808 | Lair:5   | Learned a level 7 spell: Orb of Destruction
 18225 | Lair:5   | Reached XP level 14. HP: 78/78 MP: 28/34
 18983 | D:10     | Entered Level 10 of the Dungeon
 19240 | D:10     | Noticed Maggie
 19247 | D:10     | Killed Maggie
 20333 | D:3      | Bought 2 potions of curing for 60 gold pieces
 20333 | D:3      | Bought a scroll of identify for 20 gold pieces
 20333 | D:3      | Bought a scroll of teleportation for 30 gold pieces
 20333 | D:3      | Bought a scroll of teleportation for 30 gold pieces
 20596 | D:11     | Noticed Harold
 20599 | D:11     | Killed Harold
 21027 | D:11     | You fall into a shaft and drop 3 floors!
 21470 | D:12     | Reached skill level 15 in Conjurations
 22070 | D:12     | Noticed Nergalle
 22072 | D:12     | Killed Nergalle
 24636 | D:14     | Offered knowledge of Conjure Ball Lightning by Vehumet.
 25091 | D:14     | Found a gate to the Vaults.
 25217 | D:15     | Entered Level 15 of the Dungeon
 25287 | D:15     | Reached skill level 1 in Ice Magic
 25287 | D:15     | Reached XP level 15. HP: 82/82 MP: 26/35
 25421 | D:15     | Reached skill level 3 in Ice Magic
 26278 | D:15     | Reached skill level 6 in Ice Magic
 26330 | D:15     | Noticed a frost giant
 26332 | D:15     | Killed a frost giant
 26457 | D:15     | Found a staircase to the Depths.
 26987 | Orc:1    | Entered Level 1 of the Orcish Mines
 27107 | Orc:2    | Entered Level 2 of the Orcish Mines
 27337 | Orc:2    | Found a staircase to the Elven Halls.
 27393 | Orc:1    | Reached skill level 9 in Ice Magic
 27715 | Orc:1    | Offered knowledge of Irradiate by Vehumet.
 27724 | Orc:2    | Learned a level 5 spell: Irradiate
 28062 | Orc:1    | Found Kimaaqu's Assorted Antiques.
 28673 | Orc:2    | Reached ****** piety under Vehumet
 28684 | Orc:2    | Learned a level 7 spell: Ozocubu's Refrigeration
 29036 | Orc:2    | Offered knowledge of Freezing Cloud by Vehumet.
 29318 | Orc:2    | Found a runed translucent gate.
 29318 | Orc:2    | Found a runed translucent gate.
 29318 | Orc:2    | Found a runed translucent gate.
 29318 | Orc:2    | Noticed Fodor's ghost (journeyman MiFi)
 29319 | Orc:2    | Found an iron altar of Okawaru.
 29893 | Orc:2    | Found Zoki's Book Boutique.
 29896 | Orc:2    | Found Fischukk's Jewellery Boutique.
 29898 | Orc:2    | Found Viunasu's Weapon Shop.
 29899 | Orc:2    | Found Yniwonk's Weapon Boutique.
 30242 | Snake:1  | Entered Level 1 of the Snake Pit
 30680 | Snake:1  | Reached skill level 12 in Ice Magic
 30958 | Snake:1  | Found Sumeenk's Antique Weapon Shop.
 31037 | Snake:1  | Reached skill level 15 in Spellcasting
 31100 | Snake:1  | Reached XP level 16. HP: 77/87 MP: 31/37
 31787 | Snake:1  | Reached skill level 16 in Spellcasting
 32038 | Snake:2  | Identified the +2 pair of gloves of Lyehuno {+Blink rElec
                  | Str-5 Dex+4}
 32510 | Snake:2  | Found a shimmering altar of Xom.
 32520 | Snake:2  | Reached skill level 17 in Spellcasting
 33463 | Snake:2  | Identified the amulet "Tualutax" {Spirit rC+ Int+3}
 33571 | Snake:2  | Reached skill level 18 in Spellcasting
 33896 | Snake:3  | Offered knowledge of Spellforged Servitor by Vehumet.
 34668 | Snake:3  | Reached skill level 19 in Spellcasting
 34755 | Snake:3  | Found Jaug's Distillery.
 35577 | Snake:4  | Entered Level 4 of the Snake Pit
 36037 | Snake:4  | Reached skill level 20 in Spellcasting
 36778 | Snake:4  | Reached skill level 21 in Spellcasting
 36785 | Snake:4  | Reached XP level 17. HP: 91/92 MP: 8/44
 37704 | Snake:4  | Reached skill level 22 in Spellcasting
 37939 | Snake:4  | Offered knowledge of Ignition by Vehumet.
 37959 | Snake:4  | Learned a level 8 spell: Ignition
 38835 | Snake:4  | Got a serpentine rune of Zot
 39033 | Snake:4  | Reached skill level 12 in Fire Magic
 39506 | Swamp:1  | Entered Level 1 of the Swamp
 39641 | Swamp:1  | Noticed Mlioglotl
 39650 | Swamp:1  | Killed Mlioglotl
 40499 | Swamp:1  | Acquired 1051 gold pieces
 41318 | Swamp:2  | Found a transporter.
 41318 | Swamp:2  | Found the +8 trishula "Condemnation" {holy, anguish, *Noise
                  | Fly rN+}
 41318 | Swamp:2  | Noticed a tentacled monstrosity
 41319 | Swamp:2  | Found the +0 mask of the Dragon {Will+ Slay+3 SInv}
 41320 | Swamp:2  | Noticed a tentacled monstrosity
 41337 | Swamp:2  | Found a transporter.
 41353 | Swamp:2  | Identified the +1 war axe "Jocuqul" {freeze, rElec rF+ rN+}
 41475 | Swamp:2  | Identified the +8 falchion "Tormentor" {flame, rC++ Str-5
                  | Int+5}
 41785 | Swamp:3  | Found a stormy altar of Qazlal.
 41832 | Swamp:2  | Gained mutation: You are dopey. (Int -2) [mutagenic glow]
 42163 | Swamp:3  | Reached skill level 15 in Fire Magic
 42230 | Swamp:3  | Offered knowledge of Shatter by Vehumet.
 42230 | Swamp:3  | Offered knowledge of Chain Lightning by Vehumet.
 42230 | Swamp:3  | Offered knowledge of Polar Vortex by Vehumet.
 42555 | Orc:2    | Bought a ring of wizardry for 390 gold pieces
 43032 | Swamp:3  | Reached XP level 18. HP: 96/96 MP: 40/46
 43582 | Swamp:4  | Entered Level 4 of the Swamp
 43986 | Swamp:4  | Reached skill level 12 in Air Magic
 44290 | Swamp:4  | Slain by a ghoul

Illustrated notes

Levels and vault maps discovered:
D:1:      zelgadis_glass_arrival_large, layout_basic,
          hellmonk_ecumenical_altar_dog_temple, minmay_quantized
D:2:      layout_basic, basic_altar, st_stairs_5, small_statue_intersection
D:3:      layout_basic, serial_shops, nicolae_square_shop,
          grunt_decor_arrowhead, uniq_grinder
D:4:      layout_loops_ring, worldfamousw_hep_ancestral_shrine
D:5:      layout_cave_pools, zin_angel, minmay_temple_entry_mini_moons
D:6:      layout_rooms, uniq_pikel
D:7:      layout_basic, enter_bailey_5, uniq_duvessa
D:8:      layout_basic, mainiacjoe_overflow_tiny_flanked,
          mainiacjoe_overflow_two_lobes, serial_shops,
          nicolae_book_shop_shelving, kennysheep_small_square, uniq_maurice
D:9:      layout_basic, lemuel_round_altar, dpeg_lair_monsters, david_orc_5
D:10:     layout_loops_ring, patterned_corridor, uniq_maggie
D:11:     layout_stronghold, portal_ice_cave_entry_pillars_1, uniq_harold
D:12:     layout_gridville, uniq_nergalle
D:13:     layout_loops_cross
D:14:     layout_rooms, david_vaults_5, abandoned_shop
D:15:     grunt_enter_depths_snipers, layout_grid_maze
Temple:   minmay_temple_bridge_d
Lair:1:   layout_small_grid, serial_bayou_shore_b, uniq_sonja
Lair:2:   layout_misc_corridors, nicolae_swamp_entry_spooky,
          guppyfry_snake_entry_garden, chequers_serial_rivers_micro_c,
          serial_bayou_shore_b
Lair:3:   layout_misc_corridors, minivault_24, nicolae_lair_lindhole,
          lemuel_fruit_tree
Lair:4:   layout_hall_layers, ebering_ghost_reflecting_pool,
          nicolae_lair_liquid_snakes, uniq_rupert
Lair:5:   grunt_lair_end_beastmaster, layout_loops_ring,
          minmay_slime_entry_pillars, grunt_megastairs_4,
          infiniplex_staircase_pool
Swamp:1:  layout_basic_swamp, wheals_swamp_sinkhole, uniq_mlioglotl
Swamp:2:  gammafunk_sealed_arena, layout_falls_marsh, hangedman_swamp_ruin_wall
Swamp:3:  layout_basic_swamp, basic_altar
Swamp:4:  grunt_swamp_rune_castle, layout_basic_swamp, swamp_pool_3
Snake:1:  layout_grid_maze, serial_shops, nicolae_shop_waterfront,
          serial_bayou_shore_a, grunt_megastairs_2
Snake:2:  cheibrodos_snake_ritualist_ritual, layout_gridlike, basic_altar
Snake:3:  layout_chambers, serial_shops, shop, st_stairs_12
Snake:4:  snake_pit, layout_cave_town
Orc:1:    layout_caves, serial_shops, nicolae_lakefront_shop
Orc:2:    st_orc_pillars, layout_caves, gammafunk_ghost_fury_of_okawaru

Skill      XL: |  1  2  3  4  5  6  7  8  9 10 11 12 13 14 15 16 17 18 |
---------------+-------------------------------------------------------+-----
Hexes          | 1 2 3 4 5 6 8 9 |  9.0
Spellcasting   | 4 5 6 7 9 11 12 13 14 15 21 22 | 22.0
Conjurations   | 5 6 7 8 9 10 12 17 | 17.0
Translocations | 4 |  4.0
Stealth        | 3 5 |  5.0
Fighting       | 1 4 5 |  5.0
Dodging        | 3 6 7 10 | 10.0
Fire Magic     | 7 11 15 16 | 16.0
Air Magic      | 5 9 10 11 12 | 12.5
Ice Magic      | 1 12 | 12.0

Action                     |  1- 3 |  4- 6 |  7- 9 | 10-12 | 13-15 | 16-18 || total
---------------------------+-------+-------+-------+-------+-------+-------++-------
  Melee: Staff             |       |       |       |     2 |     4 |       ||     6
   Cast: Magic Dart        |    99 |    74 |    40 |     3 |     4 |       ||   220
         Searing Ray       |     3 |    16 |    24 |     2 |       |       ||    45
         Fulminant Prism   |       |       |    47 |   158 |   108 |     8 ||   321
         Iskenderun's Myst |       |       |       |    19 |    11 |       ||    30
         Plasma Beam       |       |       |       |    39 |   361 |   314 ||   714
         Orb of Destructio |       |       |       |       |    28 |     4 ||    32
         Ozocubu's Refrige |       |       |       |       |     4 |    67 ||    71
         Irradiate         |       |       |       |       |     3 |    21 ||    24
         Ignition          |       |       |       |       |       |    19 ||    19
  Evoke: Wand              |       |       |       |       |     1 |       ||     1
    Use: Scroll            |       |     6 |     6 |     9 |    14 |     1 ||    36
         Potion            |       |       |       |     2 |       |       ||     2
 Armour: Robe              |    38 |    12 |    26 |       |    22 |    86 ||   184
         Steam dragon scal |       |       |     7 |    24 |    14 |       ||    45
  Dodge: Dodged            |    41 |    11 |    39 |    11 |    35 |    44 ||   181
  Block: Other             |       |       |       |       |     8 |    17 ||    25
         Reflection        |       |       |       |       |     3 |     6 ||     9

Table legend: (Time is in decaauts)
 A = Elapsed time spent in this place.
 B = Non-inter-level travel time spent in this place.
 C = Inter-level travel time spent in this place.
 D = Time resting spent in this place.
 E = Time spent auto-exploring this place.
 F = Levels seen in this place.
 G = Mean time per level.
                   A        B        C        D        E       F      G
               +--------+--------+--------+--------+--------+-----+--------+
         Total |  44590 |  41269 |   3321 |  16198 |  15897 |  32 | 1393.4 |
       Dungeon |  18201 |  16707 |   1494 |   4529 |   8309 |  15 | 1213.4 |
        Temple |    146 |      2 |    144 |      0 |      0 |   1 |  146.0 |
          Lair |   8946 |   8093 |    853 |   3612 |   2449 |   5 | 1789.2 |
         Swamp |   4308 |   3990 |    318 |   2029 |   1193 |   4 | 1077.0 |
     Snake Pit |   9217 |   8872 |    345 |   4383 |   2659 |   4 | 2304.2 |
  Orcish Mines |   3292 |   3127 |    165 |   1421 |   1286 |   2 | 1646.0 |
        Bailey |    476 |    476 |      0 |    224 |      0 |   1 |  476.0 |
               +--------+--------+--------+--------+--------+-----+--------+

Top non-repeatable levels by time:
 Snake:3: 3256 daAuts
  Lair:2: 2238 daAuts
   Orc:2: 2164 daAuts
 Snake:2: 2134 daAuts
  Lair:5: 2021 daAuts
 Snake:1: 2010 daAuts
  Lair:4: 1840 daAuts
     D:9: 1835 daAuts
 Snake:4: 1816 daAuts
    D:15: 1617 daAuts
     D:1: 1542 daAuts
 Swamp:3: 1507 daAuts
 Swamp:2: 1475 daAuts
  Lair:3: 1448 daAuts
    D:10: 1403 daAuts
